 Dungeon Crawl Stone Soup version 0.31-a0-631-g285b096dc4 (webtiles) character file.

Game seed: 9958396090441449264

11631 rddays123 the Geomancer (level 11, -4/69 HPs)
             Began as a Gargoyle Earth Elementalist on Aug 25, 2023.
             Was a Priest of Vehumet.
             Slain by a freezing wraith (11 damage)
             ... on level 11 of the Dungeon.
             The game lasted 01:00:04 (11241 turns).

rddays123 the Geomancer (GrEE)                     Turns: 11241, Time: 01:00:04

Health: -4/69      AC: 20    Str: 13    XL:     11   Next: 80%
Magic:  22/22      EV: 13    Int: 22    God:    Vehumet [***...]
Gold:   593        SH:  0    Dex: 18    Spells: 7/24 levels left

rFire   . . .        G - +7 hammer of Destiny {vamp, rElec rPois Stlth+}
rCold   . . .        (no shield)
rNeg    + . .        I - +0 steam dragon scales
rPois   ∞            (no helmet)
rElec   +            o - +0 cloak
rCorr   .            y - +1 pair of gloves "Fuat" {*Slow Int+3 Dex+8}
SInv    .            (no boots)
Will    +....        L - amulet of the acrobat
Stlth   ++++         M - ring of Sagopueme {rElec rF- rC+ Will+ AC+4}
HPRegen 0.31/turn    z - ring of fire
MPRegen 0.18/turn

%: slow self (1%), acrobat
@: about to teleport, slowed, very slow
A: sickness immunity, AC +8, negative energy resistance 1, electricity
resistance, torment resistance 1, petrification resistance
a: Renounce Religion


You were on level 11 of the Dungeon.
You worshipped Vehumet.
Vehumet was most pleased with you.
You visited 2 branches of the dungeon, and saw 12 of its levels.
You also visited: Sewer and Bailey.

You collected 657 gold pieces.
You spent 64 gold pieces at shops.

Inventory:

Hand Weapons
 u - a +2 dagger of venom
 D - a +2 short sword of electrocution
 F - the +10 trident of Beogh's Hatred {speed, rPois}
   (You found it on level 5 of the Dungeon)

   rPois:     It protects you from poison
 G - the +7 hammer of Destiny (weapon) {vamp, rElec rPois Stlth+}
   (You found it on level 5 of the Dungeon)

   rElec:     It insulates you from electricity.
   rPois:     It protects you from poison Stlth+: It makes you more stealthy.
 J - a +0 broad axe
Missiles
 x - a throwing net
Armour
 a - a +0 robe
 o - a +0 cloak (worn)
 y - the +1 pair of gloves "Fuat" (worn) {*Slow Int+3 Dex+8}
   (You found it on level 2 of the Dungeon)

   Int+3:     It affects your intelligence (+3).
   Dex+8:     It affects your dexterity (+8).
   *Slow:     It may slow you when you take damage.
 C - a +1 leather armour of cold resistance
 I - +0 steam dragon scales (worn)
Jewellery
 l - an amulet of guardian spirit
 n - a ring of see invisible
 z - a ring of fire (right hand)
 L - an amulet of the acrobat (around neck)
 M - the ring of Sagopueme (left hand) {rElec rF- rC+ Will+ AC+4}
   (You found it on level 8 of the Dungeon)

   [ring of protection]

   AC+4:      It affects your AC (+4).
   rF-:       It makes you vulnerable to fire.
   rC+:       It protects you from cold.
   rElec:     It insulates you from electricity.
   Will+:     It increases your willpower.
 N - a +5 ring of evasion
Wands
 t - a wand of flame (40)
 K - a wand of digging (3)
Scrolls
 c - a scroll of brand weapon {unknown}
 d - a scroll of summoning
 g - 2 scrolls of immolation
 k - 3 scrolls of teleportation
 p - a scroll of revelation
 q - a scroll of blinking {unknown}
 s - 2 scrolls of fear
 A - a scroll of amnesia {unknown}
 O - a scroll of identify
Potions
 b - 2 potions of magic
 e - 6 potions of curing
 h - a potion of resistance
 i - 3 potions of mutation
 j - 7 potions of enlightenment
 m - a potion of haste {unknown}
 r - 4 potions of cancellation
 E - a potion of brilliance {unknown}
 H - 2 potions of might


   Skills:
 + Level 8.8 Fighting
 - Level 5.1 Maces & Flails
 - Level 0.2 Polearms
 - Level 2.6 Dodging
 - Level 4.4 Stealth
 - Level 7.4 Spellcasting
 + Level 6.0 Conjurations
 - Level 1.0 Transmutations
 + Level 5.1 Fire Magic
 - Level 10.6 Earth Magic
 + Level 5.6 Evocations


You had 7 spell levels left.
You knew the following spells:

 Your Spells              Type           Power      Damage    Failure   Level
a - Sandblast             Erth           100%       2d20      1%          1
b - Petrify               Tmut/Erth      34%        N/A       7%          4
c - Stone Arrow           Conj/Erth      88%        3d12      1%          3
d - Passwall              Tmut/Erth      28%        N/A       1%          2
e - Sticky Flame          Conj/Fire      49%        2d7       2%          4
f - Volatile Blastmotes   Fire/Tloc      58%        2d14      2%          3

Your spell library contained the following spells:

 Spells                   Type           Power      Damage    Failure   Level
 Frozen Ramparts          Ice            16%        1d3       7%          3
 Ignite Poison            Fire/Tmut/Pois 25%        N/A       2%          3
 Poisonous Vapours        Pois/Air       16%        N/A       3%          2
 Sting                    Tmut/Pois      40%        1d5       6%          1
 Necrotise                Necr           32%        1d5       8%          1
 Animate Armour           Summ/Erth      62%        N/A       9%          4
 Olgreb's Toxic Radiance  Pois           8%         N/A       21%         4
 Vampiric Draining        Necr           8%         2d6       24%         3
 Dispel Undead            Necr           8%         3d8       61%         4
 Agony                    Necr           8%         N/A       91%         5
 Death Channel            Necr           4%         N/A       100%        6
 Lehudib's Crystal Spear  Conj/Erth      22%        10d6      98%         8
 Ignition                 Fire           23%        3d8       100%        8
 Cigotuvi's Dreadful Rot  Necr/Pois/Air  Unusable   N/A       N/A         2

Dungeon Overview and Level Annotations

Branches:
Dungeon (11/15)            Temple (1/1) D:6            Lair (0/5) D:11
    Orc (0/2) D:9           Sewer (visited)          Bailey (visited)

Altars:
Ashenzari
Cheibriados
Dithmenos
Elyvilon
Fedhas
Gozag
Hepliaklqana
Kikubaaqudgha
Makhleb
Nemelex Xobeh
Okawaru
Qazlal
Ru
Sif Muna
Trog
Uskayaw
Vehumet
Wu Jian
Xom
Yredelemnul
Zin
The Shining One

Shops:
D:5 *   D:9 [*[

Annotations:
D:7 3 runed translucent doors, wormstring's ghost, novice TrSh


Innate Abilities, Weirdness & Mutations

You are immune to sickness and miasma.
Your stone body is resilient. (AC +8)
You are immune to poison.
You resist negative energy. (rN+)
You are resistant to electric shocks. (rElec)
You are resistant to unholy torment.
You are immune to petrification.


Message History

The blast of sand hits the freezing wraith but does no damage.
The freezing wraith hits you! The freezing wraith freezes you!
The freezing wraith barely misses you.
The blast of sand hits the freezing wraith!
The freezing wraith is moderately damaged.
The freezing wraith hits you! The freezing wraith freezes you!!
* * * LOW HITPOINT WARNING * * *
The freezing wraith closely misses you.
The freezing wraith attacks as it pursues you!
The freezing wraith closely misses you. x2
The freezing wraith attacks as it pursues you!
The freezing wraith barely misses you. The freezing wraith hits you.
* * * LOW HITPOINT WARNING * * *
The freezing wraith drains your vigour!
You feel yourself slow down.
You feel better. The freezing wraith hits you.
The freezing wraith freezes you!!
* * * LOW HITPOINT WARNING * * *
The freezing wraith barely misses you.
You feel much better. The freezing wraith hits you.
The freezing wraith freezes you!
* * * LOW HITPOINT WARNING * * *
The freezing wraith hits you.
* * * LOW HITPOINT WARNING * * *
The freezing wraith drains your vigour!
You feel as though you will be slow longer.
The freezing wraith hits you but does no damage.
The freezing wraith hits you.
* * * LOW HITPOINT WARNING * * *
Okay, then.
As you read the scroll of teleportation, it crumbles to dust.
You feel strangely unstable.
The freezing wraith hits you but does no damage.
The freezing wraith closely misses you.
Okay, then.
As you read the scroll labelled ERUZEST TUGU, it crumbles to dust.
Wisps of shadow whirl around you...
It was a scroll of summoning.
The freezing wraith hits you.
* * * LOW HITPOINT WARNING * * *
The freezing wraith freezes you!
You die...

...... .######.#.# ..........#
#.# #.# #.# #.# ########W#
#.......@######## ###
#)######..c.....## ##<## #.#
#CH.......###...##
.#.####.######..#####..##.....#
#...........#...##.............
...####.###......#.##..##.....#
#.# #........##..###(.>##
#.######..#####..# ##.##
###..............# #.#


You could see a freezing wraith (ally target), a friendly manticore (summoned),
a friendly cyclops (summoned) and a friendly centaur (summoned, wandering).

Vanquished Creatures
  2 vault guards (Bailey)
  2 two-headed ogres (D:10)
  Maggie (D:6)
  A troll (D:11)
  Prince Ribbit (Bailey)
  17 yaks
  2 humans (Bailey)
  A shadow (D:10)
  A wyvern (D:9)
  2 steam dragons
  3 wargs (D:11)
  2 acid dragons
  3 water moccasins
  Edmund (D:6)
  6 orc warriors
  An ice beast (D:6)
  A sky beast (D:6)
  An ogre (D:5)
  A centaur (D:7)
  2 phantoms
  4 kobold brigands
  11 bullfrogs
  2 scorpions
  13 wights
  5 howler monkeys
  2 electric eels (D:10)
  14 orc priests
  Crazy Yiuf (D:5)
  3 hounds
  3 iguanas
  10 orc wizards
  10 gnolls
  10 adders
  4 river rats (Sewer)
  A shadow imp (D:7)
  An ufetubus (D:6)
  A worm (D:5)
  A dart slug (D:2)
  37 orcs
  9 ball pythons
  16 endoplasms
  5 giant cockroaches
  10 goblins
  2 hobgoblins
  8 jackals
  22 kobolds
  5 quokkas
  5 bats
  4 frilled lizards
  7 rats
277 creatures vanquished.

Notes
Turn   | Place    | Note
-------+----------+-------------------------------------------
     0 | D:1      | rddays123 the Gargoyle Earth Elementalist began the quest
                  | for the Orb.
     0 | D:1      | Reached XP level 1. HP: 10/10 MP: 3/3
   124 | D:1      | Reached skill level 1 in Transmutations
   124 | D:1      | Reached XP level 2. HP: 15/15 MP: 1/5
   519 | D:1      | Reached skill level 4 in Earth Magic
   751 | D:2      | Reached XP level 3. HP: 19/19 MP: 4/6
  1420 | D:2      | Found an iron altar of Okawaru.
  1503 | D:2      | Identified the +1 pair of gloves "Fuat" {*Slow Int+3 Dex+8}
  1584 | D:3      | Reached XP level 4. HP: 24/24 MP: 4/7
  2079 | D:3      | Found a hide-covered altar of Uskayaw.
  2090 | D:3      | Found an ornate altar of the Wu Jian Council.
  2221 | D:3      | Found a faded altar of an unknown god.
  2474 | D:4      | Noticed a phantom
  2482 | D:4      | Killed a phantom
  2483 | D:4      | Reached XP level 5. HP: 25/28 MP: 1/9
  2558 | D:4      | Reached skill level 5 in Earth Magic
  2651 | D:4      | Reached XP level 6. HP: 22/32 MP: 6/11
  3041 | D:4      | Reached skill level 6 in Earth Magic
  3495 | D:5      | Entered Level 5 of the Dungeon
  3522 | D:5      | Reached XP level 7. HP: 36/36 MP: 10/13
  3582 | D:5      | Found a glowing drain.
  3741 | D:5      | Found Diuhif's General Store.
  3791 | Sewer    | Entered a sewer
  3799 | Sewer    | Reached skill level 7 in Earth Magic
  3912 | Sewer    | Reached skill level 5 in Spellcasting
  4044 | Sewer    | Found a white marble altar of Elyvilon.
  4112 | D:5      | Reached XP level 8. HP: 41/41 MP: 11/16
  4361 | D:5      | Reached skill level 8 in Earth Magic
  4363 | D:5      | Identified the +10 trident of Beogh's Hatred {speed, rPois}
  4617 | D:5      | Found a runed translucent door.
  4618 | D:5      | Noticed Crazy Yiuf
  4623 | D:5      | Killed Crazy Yiuf
  4627 | D:5      | Identified the +7 hammer of Destiny {vamp, rElec rPois
                  | Stlth+}
  4899 | D:6      | Reached skill level 1 in Fighting
  4899 | D:6      | Reached skill level 1 in Maces & Flails
  5138 | D:6      | Found a staircase to the Ecumenical Temple.
  5179 | D:6      | Noticed Edmund
  5186 | D:6      | Killed Edmund
  5201 | D:6      | Found a blossoming altar of Fedhas.
  5202 | D:6      | Found a sparkling altar of Nemelex Xobeh.
  5204 | D:6      | Found a glowing golden altar of the Shining One.
  5206 | D:6      | Found a burning altar of Makhleb.
  5207 | D:6      | Found a shimmering blue altar of Sif Muna.
  5251 | Temple   | Entered the Ecumenical Temple
  5258 | Temple   | Became a worshipper of Vehumet
  5285 | D:6      | Noticed Maggie
  5297 | D:6      | Killed Maggie
  5298 | D:6      | Reached skill level 9 in Earth Magic
  5298 | D:6      | Reached XP level 9. HP: 43/51 MP: 10/18
  5950 | D:7      | Learned a level 4 spell: Petrify
  5954 | D:7      | Learned a level 3 spell: Stone Arrow
  6131 | D:7      | Found a runed translucent gate.
  6132 | D:7      | Found a runed translucent gate.
  6133 | D:7      | Noticed wormstring's ghost (novice TrSh)
  6133 | D:7      | Found a runed translucent gate.
  6292 | D:7      | Reached * piety under Vehumet
  6292 | D:7      | Offered knowledge of Freeze by Vehumet.
  6296 | D:7      | Learned a level 2 spell: Passwall
  6692 | D:7      | Found a glowing silver altar of Zin.
  6692 | D:7      | Found a shimmering altar of Xom.
  6705 | D:7      | Found an ancient bone altar of Kikubaaqudgha.
  6707 | D:7      | Found a bloodstained altar of Trog.
  6735 | D:7      | Found a stormy altar of Qazlal.
  6922 | D:8      | Identified the ring of Sagopueme {rElec rF- rC+ Will+ AC+4}
  7020 | D:8      | Reached skill level 5 in Fighting
  7086 | D:8      | Reached skill level 10 in Earth Magic
  7104 | D:8      | Reached skill level 1 in Evocations
  7104 | D:8      | Reached XP level 10. HP: 46/59 MP: 11/20
  7546 | D:8      | Offered knowledge of Static Discharge by Vehumet.
  7548 | D:8      | Reached ** piety under Vehumet
  7549 | D:8      | Reached skill level 5 in Maces & Flails
  7816 | D:9      | Reached skill level 1 in Conjurations
  7821 | D:9      | Found Gaatas's Assorted Antiques.
  7822 | D:9      | Found Dopter's Antique Armour Boutique.
  7822 | D:9      | Found Temire's Armour Boutique.
  7930 | D:9      | Bought a scroll of identify for 64 gold pieces
  8121 | D:5      | Learned a level 4 spell: Sticky Flame
  8407 | D:9      | Reached skill level 1 in Fire Magic
  8637 | D:9      | Found a white marble altar of Elyvilon.
  8723 | D:9      | Found a staircase to the Orcish Mines.
  9252 | D:10     | Entered Level 10 of the Dungeon
  9272 | D:10     | Found a flagged portal.
  9274 | D:10     | Reached XP level 11. HP: 67/67 MP: 20/22
  9308 | Bailey   | Entered a bailey
  9314 | Bailey   | Offered knowledge of Volatile Blastmotes by Vehumet.
  9451 | Bailey   | Learned a level 3 spell: Volatile Blastmotes
  9475 | Bailey   | Noticed Prince Ribbit
  9475 | Bailey   | Noticed a vault guard
  9517 | Bailey   | Killed Prince Ribbit
  9522 | Bailey   | Killed a vault guard
  9762 | Bailey   | Reached *** piety under Vehumet
  9805 | Bailey   | Noticed a vault guard
  9827 | Bailey   | Killed a vault guard
 10018 | D:10     | Noticed a two-headed ogre
 10026 | D:10     | Killed a two-headed ogre
 10027 | D:10     | Reached skill level 5 in Conjurations
 10027 | D:10     | Reached skill level 5 in Evocations
 10365 | D:10     | Noticed a two-headed ogre
 10375 | D:10     | Killed a two-headed ogre
 10470 | D:10     | Found a sacrificial altar of Ru.
 10472 | D:10     | Found an iron altar of Okawaru.
 10824 | D:11     | Found a staircase to the Lair.
 10956 | D:11     | Offered knowledge of Frozen Ramparts by Vehumet.
 10957 | D:11     | Reached skill level 5 in Fire Magic
 11238 | D:11     | HP: 2/69 [freezing wraith (21)]
 11241 | D:11     | Slain by a freezing wraith

Illustrated notes

Levels and vault maps discovered:
D:1:      doesnt_arrival_eight_statues, layout_rooms
D:2:      layout_loops_ring, basic_altar, minmay_3d_cube
D:3:      layout_rooms, nicolae_overflow_hidden_temple,
          mainiacjoe_overflow_catwalk, basic_ecumenical_altar
D:4:      layout_loops_cross, kennysheep_generic_room_14
D:5:      layout_layer_cave, serial_shops, nicolae_square_shop,
          portal_sewer_entry_a, uniq_crazy_yiuf_cottage
D:6:      layout_basic, grunt_temple_overflow_open, temple_fountains,
          uniq_edmund, uniq_maggie
D:7:      layout_loops_ring, chequers_temple_overflow_minitemple,
          biasface_ghost_orc_armoury, kb_lookout_dungeons_type,
          chequers_serial_rivers_large_a
D:8:      layout_rooms
D:9:      layout_roguey, lemuel_tele_altar, minmay_orc_entry_temple_small,
          serial_bayou_pond_c, nicolae_shop_distant_corner_stores
D:10:     layout_rooms, nicolae_overflow_squiral, enter_bailey_7
D:11:     layout_loops_corners, erik_lair_orcish_takeover, hangedman_glass_teeth
Temple:   hellmonk_temple_two_chambers

Skill      XL: |  1  2  3  4  5  6  7  8  9 10 11 |
---------------+----------------------------------+-----
Transmutations | 1 |  1.0
Earth Magic    | 4 5 6 7 9 10 | 10.6
Dodging        | 2 |  2.6
Stealth        | 3 4 |  4.4
Spellcasting   | 3 4 5 6 7 |  7.4
Fighting       | 3 5 7 8 |  8.8
Maces & Flails | 3 4 5 |  5.1
Evocations     | 1 3 5 |  5.6
Conjurations   | 3 6 |  6.0
Fire Magic     | 2 5 |  5.1
Polearms       | |  0.2

Action                     |  1- 3 |  4- 6 |  7- 9 | 10-12 || total
---------------------------+-------+-------+-------+-------++-------
  Melee: Unarmed           |       |     1 |       |       ||     1
         Dagger            |       |     3 |       |       ||     3
         Mace              |       |       |       |     8 ||     8
   Cast: Sandblast         |    53 |    86 |   184 |   230 ||   553
         Passwall          |       |       |     1 |       ||     1
         Stone Arrow       |       |       |       |     5 ||     5
         Petrify           |       |       |       |     3 ||     3
         Volatile Blastmot |       |       |       |     3 ||     3
    Use: Scroll            |       |     3 |       |    13 ||    16
         Potion            |       |       |       |     6 ||     6
 Armour: Robe              |     2 |     8 |    11 |       ||    21
         Steam dragon scal |       |       |    17 |    76 ||    93
         Skin              |       |       |     1 |       ||     1
  Dodge: Dodged            |     3 |    13 |    50 |   150 ||   216

Table legend: (Time is in decaauts)
 A = Elapsed time spent in this place.
 B = Non-inter-level travel time spent in this place.
 C = Inter-level travel time spent in this place.
 D = Time resting spent in this place.
 E = Time spent auto-exploring this place.
 F = Levels seen in this place.
 G = Mean time per level.
                   A        B        C        D        E       F      G
               +--------+--------+--------+--------+--------+-----+--------+
         Total |  11589 |  10893 |    696 |   1992 |   6354 |  14 |  827.8 |
       Dungeon |  10510 |   9814 |    696 |   1555 |   6151 |  11 |  955.5 |
        Temple |     18 |     18 |      0 |      0 |      0 |   1 |   18.0 |
         Sewer |    341 |    341 |      0 |    101 |    156 |   1 |  341.0 |
        Bailey |    718 |    718 |      0 |    335 |     46 |   1 |  718.0 |
               +--------+--------+--------+--------+--------+-----+--------+

Top non-repeatable levels by time:
     D:9: 1290 daAuts
     D:7: 1186 daAuts
     D:5: 1161 daAuts
     D:6: 1086 daAuts
     D:4: 1071 daAuts
     D:2: 895 daAuts
     D:3: 892 daAuts
    D:10: 888 daAuts
     D:8: 823 daAuts
     D:1: 761 daAuts
  Bailey: 718 daAuts
    D:11: 453 daAuts
   Sewer: 341 daAuts
  Temple: 18 daAuts
